 Dungeon Sprint DCSS version 0.30.1 (webtiles) character file.

Game seed: 1989772240519349721

5000000 BreadTh the Axe Maniac (level 22, -38/148 HPs)
             Began as a Spriggan Brigand on July 11, 2023.
             Annihilated by a meat berserker
             ... wielding a +9 battleaxe
              (79 damage)
             ... in the Dungeon (Sprint VIII: "Arena of Blood").
             The game lasted 00:03:33 (50 turns).

BreadTh the Axe Maniac (Spriggan Brigand)             Turns: 50, Time: 00:03:35

Health: -38/148    AC:  6    Str:  7    XL:     22   Next: 4%
Magic:  24/53      EV: 51    Int: 13    God:
Gold:   0          SH:  0    Dex: 27    Spells: 74/74 levels left

rFire   . . .        l - +∞ Axe of Woe
rCold   . . .        (shield currently unavailable)
rNeg    . . .        b - +0 robe
rPois   .            (helmet restricted)
rElec   .            c - +0 cloak
rCorr   .            (gloves unavailable)
SInv    +            (boots unavailable)
Will    +++..        (no amulet)
Stlth   ++++++++++   (no ring)
HPRegen 0.44/turn    (no ring)
MPRegen 0.33/turn

%: no teleportation
@: very quick
A: very small, no large weapons, unfitting armour, see invisible, speed 3
a: no special abilities


You were in the Dungeon.
You visited 1 branch

Inventory:

Hand Weapons
 l - the +∞ Axe of Woe (weapon)
   (You found it in the Dungeon)
Missiles
 d - 9 poisoned darts (quivered)
 e - 3 curare-tipped darts
Armour
 b - a +0 robe (worn)
 c - a +0 cloak (worn)
Jewellery
 a - a ring of protection from fire
Potions
 f - a potion of curing
 h - a potion of haste
 i - 2 potions of magic
 j - a potion of berserk rage


   Skills:
 O Level 27 Fighting
 + Level 24.7(27) Short Blades
 + Level 19.6(22.7) Long Blades
 O Level 27 Axes
 + Level 18.1(23.7) Maces & Flails
 + Level 18.1(23.7) Polearms
 + Level 22.9 Throwing
 O Level 27 Armour
 O Level 27 Dodging
 O Level 27 Stealth
 O Level 27 Unarmed Combat
 + Level 26.5 Spellcasting


You had 74 spell levels left.
You didn't know any spells.
Your spell library was empty.

Dungeon Overview and Level Annotations

Branches:
Dungeon (1/1)

Altars:
Makhleb


Innate Abilities, Weirdness & Mutations

You are very small and have problems with some larger weapons.
You are too small for most types of armour.
You have supernaturally acute eyesight. (SInv)
You cover ground extremely quickly. (Speed+++)


Message History

A bag of meat comes into view. It is wielding a +9 war axe. x2
The large bag of meat is engulfed in blazing flames.
You hear a shout! x3
The destroyer points at you and mumbles some strange words.
The destroyer blinks!
You hear a shout!
The bag of meat shouts! x2; You hear a shout!
A meat berserker, 2 bags of meat and a large bag of meat come into view.
You hear a shout! x5
A bag of meat comes into view. It is wielding a +9 war axe.
A meat berserker comes into view. It is wielding a +9 battleaxe.
The destroyer casts a spell at you.
The destroyer blinks!
You hear a shout! x2; The bag of meat shouts!
A sculptor of flesh and a meat berserker come into view.
You hear a shout! x2; You hear two shouts!
You hear a shout! x5
You feel much better.
The destroyer shouts!
You hear a shout!
The bag of meat shouts!
You hear a shout! x3
A bag of meat comes into view. It is wielding a +9 war axe.
The destroyer casts a spell at you.
The destroyer blinks!
A bag of meat comes into view. It is wielding a +9 war axe.
You hear a shout! x2
The destroyer gestures at you while chanting.
The destroyer blinks!
The bag of meat shouts!
The large bag of meat shouts in stereo!
Unknown command. 2 bags of meat, a destroyer and a meat berserker come into view.
The destroyer is wielding a +9 heavy great sword.
You hear a shout! x3
The meat berserker rages.
You hear a shout! x3
The destroyer gestures at you while chanting.
The destroyer blinks!
The destroyer casts a spell at you.
The destroyer blinks!
You hear a shout!
The meat berserker hits you with a +9 battleaxe!!!!
Ouch! That really hurt!
You die...

#..oO.##....#.......#.....#
#....#........#..O....._....
#...o#...........o....###...
#......ooo.O.oO..###... ..#
#....O.oo..........#.... ..#
#...oooooO..§.oz.o #..... .#
#...§.o.oO#..O.... ..... ..
........#V#o# V.V....MV#@#
..###...#o#O# . ##o..#.#oo
#Vo. ...o.. ...## ..VoO#
.... O....§ ### ##.. ..


You could see 3 destroyers, a sculptor of flesh, 2 large bags of meat, 6 meat
berserkers and 19 bags of meat.

Vanquished Creatures
  6 vampire knights (D)
  16 ogres (D)
  34 orcs (D)
56 creatures vanquished.

Notes
Turn   | Place    | Note
-------+----------+-------------------------------------------
     0 | D        | Found the +∞ Axe of Woe
     0 | D        | BreadTh the Spriggan Brigand began the quest for the Orb.
     0 | D        | Reached XP level 1. HP: 10/10 MP: 2/2
     6 | D        | Noticed a bag of meat
     6 | D        | Noticed a bag of meat
     6 | D        | Noticed a bag of meat
     6 | D        | Noticed a bag of meat
     6 | D        | Noticed a meat berserker
     8 | D        | Noticed a bag of meat
     8 | D        | Killed a meat berserker
     8 | D        | Noticed a bag of meat
     8 | D        | Noticed a meat berserker
     9 | D        | Reached XP level 2. HP: 14/14 MP: 3/3
     9 | D        | Reached XP level 3. HP: 18/18 MP: 4/4
     9 | D        | Reached XP level 4. HP: 22/22 MP: 5/5
     9 | D        | Reached XP level 5. HP: 25/25 MP: 6/6
     9 | D        | Reached XP level 6. HP: 30/30 MP: 7/7
     9 | D        | Reached XP level 7. HP: 33/33 MP: 8/8
     9 | D        | Reached XP level 8. HP: 37/37 MP: 9/9
     9 | D        | Reached XP level 9. HP: 41/41 MP: 10/10
     9 | D        | Reached XP level 10. HP: 46/46 MP: 11/11
     9 | D        | Reached XP level 11. HP: 49/49 MP: 12/12
     9 | D        | Noticed a meat berserker
    10 | D        | Noticed a meat berserker
    11 | D        | Noticed a bag of meat
    11 | D        | Noticed a meat berserker
    13 | D        | Noticed a bag of meat
    15 | D        | Killed a bag of meat
    15 | D        | Killed a bag of meat
    16 | D        | Reached skill level 27 in Axes
    16 | D        | Reached skill level 5 in Fighting
    16 | D        | Reached XP level 12. HP: 60/60 MP: 13/13
    16 | D        | Reached XP level 13. HP: 64/64 MP: 14/14
    16 | D        | Noticed a bag of meat
    16 | D        | Noticed a meat berserker
    16 | D        | Noticed a bag of meat
    17 | D        | Noticed a bag of meat
    17 | D        | Noticed a meat berserker
    17 | D        | Noticed a meat berserker
    18 | D        | Noticed a meat berserker
    18 | D        | Noticed a bag of meat
    18 | D        | Noticed a bag of meat
    18 | D        | Noticed a bag of meat
    18 | D        | Noticed a destroyer
    18 | D        | Noticed a bag of meat
    18 | D        | Noticed a bag of meat
    18 | D        | Noticed a bag of meat
    18 | D        | Noticed a bag of meat
    18 | D        | Noticed a bag of meat
    18 | D        | Noticed a bag of meat
    18 | D        | Noticed a bag of meat
    19 | D        | Noticed a meat berserker
    19 | D        | Noticed a bag of meat
    19 | D        | Noticed a bag of meat
    19 | D        | Noticed a bag of meat
    19 | D        | Noticed a bag of meat
    19 | D        | Noticed a meat berserker
    20 | D        | Noticed a meat berserker
    20 | D        | Noticed a destroyer
    20 | D        | Noticed a bag of meat
    20 | D        | Noticed a bag of meat
    20 | D        | Noticed a destroyer
    21 | D        | Noticed a bag of meat
    21 | D        | Noticed a bag of meat
    21 | D        | Noticed a bag of meat
    21 | D        | Noticed a bag of meat
    21 | D        | Noticed a bag of meat
    21 | D        | Noticed a bag of meat
    22 | D        | Killed a meat berserker
    22 | D        | Killed a bag of meat
    22 | D        | Killed a bag of meat
    22 | D        | Killed a destroyer
    23 | D        | Reached XP level 14. HP: 90/90 MP: 15/15
    23 | D        | Reached XP level 15. HP: 95/95 MP: 16/16
    23 | D        | Noticed a meat berserker
    24 | D        | Killed a meat berserker
    24 | D        | Killed a meat berserker
    24 | D        | Killed a meat berserker
    24 | D        | Killed a destroyer
    25 | D        | Reached skill level 10 in Armour
    25 | D        | Reached skill level 27 in Dodging
    25 | D        | Reached skill level 27 in Stealth
    25 | D        | Reached XP level 16. HP: 33/109 MP: 17/17
    25 | D        | Killed a meat berserker
    25 | D        | Noticed a destroyer
    26 | D        | Reached XP level 17. HP: 37/121 MP: 18/18
    26 | D        | Killed a meat berserker
    27 | D        | Reached skill level 27 in Fighting
    27 | D        | Reached skill level 15 in Armour
    27 | D        | Noticed a meat berserker
    27 | D        | Killed a meat berserker
    28 | D        | Reached XP level 18. HP: 39/127 MP: 19/19
    28 | D        | Noticed a large bag of meat
    28 | D        | Noticed a destroyer
    28 | D        | Killed a meat berserker
    28 | D        | Killed a meat berserker
    29 | D        | Reached skill level 27 in Unarmed Combat
    29 | D        | Reached XP level 19. HP: 41/132 MP: 20/20
    29 | D        | Noticed an eight-headed meat hydra
    29 | D        | Killed a meat berserker
    30 | D        | Reached skill level 27 in Armour
    30 | D        | Reached skill level 5 in Short Blades
    30 | D        | Reached skill level 5 in Throwing
    30 | D        | Reached skill level 5 in Spellcasting
    30 | D        | Killed a meat berserker
    31 | D        | Reached XP level 20. HP: 43/137 MP: 20/38
    31 | D        | Noticed a large bag of meat
    32 | D        | Reached skill level 10 in Maces & Flails
    32 | D        | Reached skill level 10 in Polearms
    32 | D        | Reached skill level 15 in Spellcasting
    32 | D        | Killed a meat berserker
    32 | D        | Noticed a large bag of meat
    33 | D        | Reached skill level 15 in Short Blades
    34 | D        | Reached skill level 15 in Throwing
    34 | D        | Killed a destroyer
    35 | D        | Reached skill level 15 in Long Blades
    35 | D        | Reached XP level 21. HP: 14/142 MP: 20/47
    36 | D        | Reached skill level 15 in Maces & Flails
    36 | D        | Reached skill level 15 in Polearms
    36 | D        | Killed a destroyer
    39 | D        | Killed a destroyer
    40 | D        | Noticed a large bag of meat
    41 | D        | Noticed a destroyer
    41 | D        | Noticed a large bag of meat
    44 | D        | Killed a destroyer
    44 | D        | Noticed a destroyer
    45 | D        | Reached XP level 22. HP: 17/148 MP: 22/53
    46 | D        | Noticed a destroyer
    46 | D        | Noticed a destroyer
    46 | D        | Noticed a destroyer
    46 | D        | Noticed a destroyer
    47 | D        | Noticed an accursed
    47 | D        | Noticed a large bag of meat
    50 | D        | Noticed a destroyer
    50 | D        | Annihilated by a meat berserker

Illustrated notes

Levels and vault maps discovered:
D:        meatsprint

Skill      XL: |  1  2  3  4  5  6  7  8  9 10 11 12 13 14 15 16 17 18 19 20 21 |
---------------+----------------------------------------------------------------+-----
Axes           | 24 27 | 27.0
Fighting       | 5 17 23 26 27 | 27.0
Dodging        | 8 26 27 | 27.0
Armour         | 10 13 21 26 27 | 27.0
Stealth        | 27 | 27.0
Unarmed Combat | 11 14 23 27 | 27.0
Short Blades   | 12 20 24 | 24.7
Long Blades    | 9 15 19 | 19.6
Maces & Flails | 8 14 18 | 18.1
Polearms       | 8 14 18 | 18.1
Throwing       | 11 18 22 | 22.9
Spellcasting   | 13 21 26 | 26.5

Action                     |  1- 3 |  4- 6 |  7- 9 | 10-12 | 13-15 | 16-18 | 19-21 | 22-24 || total
---------------------------+-------+-------+-------+-------+-------+-------+-------+-------++-------
  Melee: Broad axe         |     1 |       |       |     1 |     2 |     4 |    11 |       ||    19
    Use: Scroll            |       |       |       |       |       |       |       |     1 ||     1
         Potion            |       |       |       |       |       |       |       |     1 ||     1
